 Dungeon Crawl Stone Soup version 0.31-a0-559-g03b8d61ab2 (webtiles) character file.

Game seed: 11655984497796894532

1076 Ethylacetat the Ducker (level 8, -2/55 (56) HPs)
             Began as an Octopode Gladiator on Aug 17, 2023.
             Slain by a wight
             ... wielding a +4 hand axe
              (13 damage)
             ... on level 5 of the Dungeon.
             The game lasted 00:05:17 (4415 turns).

Ethylacetat the Ducker (Octopode Gladiator)         Turns: 4415, Time: 00:05:17

HP:   -2/55 (56)    AC:  1    Str: 19 (20) XL:     8   Next: 29%
MP:   8/8           EV: 15    Int:  7 (10) God:
Gold: 288           SH:  0    Dex: 12 (15) Spells: 7/7 levels left

rFire   . . .        y - +7 dagger (drain)
rCold   . . .        (no shield)
rNeg    . . .        a - +0 hat
rPois   .            (no amulet)
rElec   .            f - +6 ring of strength
rCorr   .            (no ring)
SInv    .            (no ring)
Will    .....        (no ring)
Stlth   ++           (no ring)
HPRegen 0.29/turn    (no ring)
MPRegen 0.11/turn    (no ring)
                     (no ring)

%: no passive effects
@: confused, mighty, brilliant, ambrosia-drunk, lightly drained, invisible
A: almost no armour, amphibious, 8 rings, camouflage 1, gelatinous body 1,
(nimble swimmer 1), tentacles
a: no special abilities


You were on level 5 of the Dungeon.
You visited 1 branch of the dungeon, and saw 5 of its levels.

You collected 288 gold pieces.

Inventory:

Hand Weapons
 t - a +1 rapier of venom
 y - a +7 dagger of draining (weapon)
Missiles
 b - 4 throwing nets (quivered)
 c - a javelin
 j - 5 curare-tipped darts
Armour
 a - a +0 hat (worn)
Jewellery
 f - a +6 ring of strength (left tentacle)
 B - a ring of magical power
Wands
 n - a wand of charming (8)
 q - a wand of flame (20)
Scrolls
 d - 8 scrolls of identify {unknown}
 e - a scroll of fog {unknown}
 g - 2 scrolls of amnesia
 i - a scroll of brand weapon {unknown}
 l - a scroll of vulnerability {unknown}
 m - a scroll of teleportation
 u - 2 scrolls of blinking {unknown}
 x - a scroll of torment {unknown}
 z - a scroll of summoning {unknown}
 A - a scroll of immolation {unknown}
 C - a scroll of noise {unknown}
 D - a scroll of fear {unknown}
Potions
 h - a potion of curing {unknown}
 k - a potion of brilliance
 p - a potion of berserk rage {unknown}
 r - 3 potions of degeneration
 v - a potion of might
 w - a potion of heal wounds {unknown}


   Skills:
 + Level 5.6 Fighting
 + Level 2.4 Short Blades
 - Level 2.0 Throwing
 + Level 5.9 Dodging
 + Level 3.7 Stealth
 - Level 5.2 Unarmed Combat


You had 7 spell levels left.
You didn't know any spells.
Your spell library contained the following spells:

 Spells                   Type           Power      Damage    Failure   Level
 Shock                    Conj/Air       0%         1d3       43%         1
 Swiftness                Air            0%         N/A       80%         3
 Airstrike                Air            0%         2d(0-16)  99%         4


Dungeon Overview and Level Annotations

Branches:
Dungeon (5/15)             Temple (0/1) D:4

Altars:
Zin

Shops:
D:4 (


Innate Abilities, Weirdness & Mutations

You cannot wear most types of armour.
You are amphibious.
You can wear up to eight rings at the same time.
Your skin changes colour to match your surroundings (Stealth+).
Your rubbery body absorbs attacks. (AC +1, EV +1)
((You are camouflaged when in or above water. (Stealth+)))
You have tentacles for arms and can constrict up to eight enemies at once.


Message History

You hit the wight. You grab the wight.
You squeeze the wight, but do no damage.
The wight is severely damaged.
You constrict the wight.
You feel sick. The wight closely misses you.
You puncture the wight!
You destroy the wight!
You feel sick.
Unknown command.
You hit the wight but do no damage. You grab the wight. You squeeze the wight.
The wight is heavily damaged.
You constrict the wight, but do no damage.
You feel sick. The wight hits you with a +0 flail!
* * * LOW HITPOINT WARNING * * *
You feel drained.
* * * LOW HITPOINT WARNING * * *
It was a potion of brilliance.
You feel clever all of a sudden.
You constrict the wight.
You feel sick. The wight barely misses you.
It was a potion of degeneration.
There was something very wrong with that liquid.
You feel weakened.
You feel dopey.
You feel clumsy.
You constrict the wight.
You feel sick. The wight closely misses you.
It was a potion of might.
You feel very mighty all of a sudden.
You constrict the wight.
You destroy the wight!
You feel sick.
You are no longer poisoned.
It was a potion of invisibility.
You fade into invisibility!
The wight misses you. The wight barely misses you.
It was a potion of ambrosia.
You are confused.
You feel invigorated. The wight barely misses you.
The wight closely misses you.
You closely miss the wight. The wight hits you with a +4 hand axe!
* * * LOW HITPOINT WARNING * * *
You're too confused to move!
The wight closely misses you.
You're too confused to move!
The wight hits you with a +4 hand axe!
You die...

.#
....................
.#
#...)...#รท##########
.# #######.#..# .#
#.##..# .# #.# #.# .#
######z# .# ##
#....#.# .. #....#z#
#. #....#@#
#####....#.# #.#
#..........# #.#
##.##....### #.#
#.##....# #.#
#.##....#####.#
####..........##.#
#........####.##.#
#........# #.##.#


You could see 2 wights.

Vanquished Creatures
  Grinder (D:3)
  Sigmund (D:2)
  A black bear (D:4)
  2 ogres
  2 wights (D:5)
  3 hounds (D:5)
  Jessica (D:2)
  Natasha (twice) (D:3)
  Terence (D:2)
  Robin (D:3)
  4 gnolls (D:4)
  2 adders
  A white imp (D:5)
  5 dart slugs
  5 orcs
  7 ball pythons
  4 bats
  5 endoplasms
  8 giant cockroaches
  10 goblins
  7 hobgoblins
  2 jackals (D:1)
  6 quokkas
  9 kobolds
  5 rats
95 creatures vanquished.

Notes
Turn   | Place    | Note
-------+----------+-------------------------------------------
     0 | D:1      | Ethylacetat the Octopode Gladiator began the quest for the
                  | Orb.
     0 | D:1      | Reached XP level 1. HP: 14/14 MP: 1/1
    91 | D:1      | Reached XP level 2. HP: 17/19 MP: 2/2
   523 | D:1      | Reached XP level 3. HP: 25/25 MP: 3/3
   559 | D:1      | Found a faded altar of an unknown god.
  1249 | D:2      | Noticed Sigmund
  1261 | D:2      | Killed Sigmund
  1262 | D:2      | Reached XP level 4. HP: 31/33 MP: 4/4
  1262 | D:2      | Reached XP level 5. HP: 35/37 MP: 5/5
  1344 | D:2      | Noticed Terence
  1354 | D:2      | Killed Terence
  1355 | D:2      | Reached XP level 6. HP: 25/43 MP: 6/6
  1528 | D:2      | Noticed Jessica
  1533 | D:2      | Killed Jessica
  1988 | D:3      | Noticed Grinder
  1994 | D:3      | Paralysed by Grinder for 5 turns
  2002 | D:3      | Killed Grinder
  2003 | D:3      | Reached skill level 5 in Dodging
  2003 | D:3      | Reached skill level 5 in Unarmed Combat
  2003 | D:3      | Reached XP level 7. HP: 31/49 MP: 7/7
  2393 | D:3      | Found a glowing silver altar of Zin.
  2463 | D:3      | Noticed Natasha
  2469 | D:3      | Killed Natasha
  2748 | D:3      | Noticed Natasha
  2755 | D:3      | Killed Natasha
  2908 | D:3      | Noticed Robin
  2929 | D:3      | Killed Robin
  3223 | D:4      | Found a staircase to the Ecumenical Temple.
  3304 | D:4      | Reached skill level 1 in Stealth
  3457 | D:4      | Reached skill level 5 in Fighting
  3461 | D:4      | Reached skill level 1 in Short Blades
  3501 | D:4      | Found Ipohurua's Antique Weapon Boutique.
  3891 | D:5      | Entered Level 5 of the Dungeon
  3957 | D:5      | Reached XP level 8. HP: 43/55 MP: 8/8
  4410 | D:5      | HP: 2/53 [poisoned by a wight]
  4415 | D:5      | Slain by a wight

Illustrated notes

Levels and vault maps discovered:
D:1:      spicycebolla_green_bress_n_ham, layout_basic,
          chequers_ecumenical_altar_twisty, roderic_lattice_a,
          minmay_hexomino_p4
D:2:      layout_rooms, uniq_jessica, uniq_sigmund, uniq_terence
D:3:      layout_basic, zin_statuary, grunt_ministairs_6,
          minmay_misc_feat_four_crosses, nicolae_the_louvre, uniq_grinder,
          uniq_robin, uniq_natasha
D:4:      layout_loops_cross, minmay_temple_entry_antechambers, serial_shops,
          nicolae_shop_real_fake_doors, glass_columns_a
D:5:      layout_basic, lemuel_round_altar

Skill      XL: |  1  2  3  4  5  6  7  8 |
---------------+-------------------------+-----
Fighting       | 3 4 5 |  5.6
Dodging        | 4 5 |  5.9
Unarmed Combat | 4 5 |  5.2
Stealth        | 2 3 |  3.7
Short Blades   | 1 2 |  2.4
Throwing       | |  2.0

Action                     |  1- 3 |  4- 6 |  7- 9 || total
---------------------------+-------+-------+-------++-------
  Melee: Unarmed           |    63 |    22 |       ||    85
         Constrict         |    15 |    11 |    22 ||    48
         Tentacles         |    12 |    14 |    20 ||    46
         Punch             |     1 |     3 |     2 ||     6
         Rapier            |       |    19 |    41 ||    60
         Dagger            |       |       |    46 ||    46
  Evoke: Wand              |       |       |    11 ||    11
    Use: Potion            |       |       |     5 ||     5
         Scroll            |       |       |     2 ||     2
   Stab: Sleeping          |     8 |     2 |     2 ||    12
         Distracted        |       |       |     2 ||     2
 Armour: Skin              |     7 |     1 |     3 ||    11
  Dodge: Dodged            |    32 |    23 |    72 ||   127

Table legend: (Time is in decaauts)
 A = Elapsed time spent in this place.
 B = Non-inter-level travel time spent in this place.
 C = Inter-level travel time spent in this place.
 D = Time resting spent in this place.
 E = Time spent auto-exploring this place.
 F = Levels seen in this place.
 G = Mean time per level.
                   A        B        C        D        E       F      G
               +--------+--------+--------+--------+--------+-----+--------+
         Total |   4417 |   4259 |    158 |    172 |   3461 |   5 |  883.4 |
       Dungeon |   4417 |   4259 |    158 |    172 |   3461 |   5 |  883.4 |
               +--------+--------+--------+--------+--------+-----+--------+

Top non-repeatable levels by time:
     D:3: 1218 daAuts
     D:1: 1209 daAuts
     D:4: 763 daAuts
     D:2: 703 daAuts
     D:5: 521 daAuts
